 Dungeon Crawl Stone Soup version 0.20-a0-309-gcba9277 (webtiles) character file.

13788 BluePsion the Archer (level 11, -4/94 HPs)
             Began as a Centaur Hunter on Dec 19, 2016.
             Was a Follower of Fedhas.
             Slain by a wolf (10 damage)
             ... on level 2 of the Lair of Beasts.
             The game lasted 01:31:49 (17253 turns).

BluePsion the Archer (Centaur Hunter)              Turns: 17253, Time: 01:31:50

Health: -4/94      AC:  8    Str: 15    XL:     11   Next: 80%
Magic:  11/11      EV: 10    Int: 10    God:    Fedhas [*.....]
Gold:   267        SH:  0    Dex: 13    Spells: 10/10 levels left

rFire  . . .     SeeInvis .     a - +0 longbow
rCold  . . .     Gourm    .     K - +2 leather armour {MR+}
rNeg   . . .     Faith    .     (shield currently unavailable)
rPois  .         Spirit   .     (helmet restricted)
rElec  .         Reflect  .     (no cloak)
rCorr  .         Harm     .     E - +0 pair of gloves
MR     +++..                    (no barding)
Stlth  ++........               m - amulet of regeneration
                                U - ring of protection from magic
                                P - ring of protection from magic

@: very quick
A: hooves 3, horns 1, deformed body, speed 2, tough skin 3, wild magic 1, sturdy
frame 1
a: Fungal Bloom, Evolution, Renounce Religion


You were on level 2 of the Lair of Beasts.
You worshipped Fedhas.
Fedhas was aware of your devotion.
You were not hungry.

You visited 3 branches of the dungeon, and saw 14 of its levels.
You also visited: Bailey.

You collected 693 gold pieces.
You spent 426 gold pieces at shops.

Inventory:

Hand Weapons
 a - a +0 longbow (weapon)
 b - the +3 hunting sling of Mourning {velocity, rN+}
   (You found it on level 5 of the Dungeon)

   Any stone fired from it inflicts extra damage.
   It protects you from negative energy.
 e - a +0 blowgun
 w - the +6 quarterstaff of Modesty {crush, rElec MR+ Int+4}
   (You found it on level 2 of the Dungeon)

   It inflicts extra damage upon your enemies.
   It affects your intelligence (+4).
   It insulates you from electricity.
   It affects your resistance to hostile enchantments.
 z - a +0 arbalest
Missiles
 d - 198 bolts
 i - 252 stones
 u - 77 poisoned needles
 v - 7 tomahawks
 H - 52 sling bullets
 J - 28 arrows (quivered)
Armour
 E - a +0 pair of gloves (worn)
 K - a +2 leather armour of magic resistance (worn)
Jewellery
 c - a cursed amulet of inaccuracy {unknown}
 m - an amulet of regeneration (around neck)
 p - a +5 ring of dexterity
 I - an uncursed ring of see invisible
 P - a ring of protection from magic (left hand)
 U - a ring of protection from magic (right hand)
Wands
 q - a wand of digging (18/24)
 t - a wand of confusion (25/48)
 y - a wand of confusion (14/48)
 T - a wand of iceblast (5/15)
Scrolls
 g - a scroll of vulnerability {unknown}
 h - a scroll of acquirement {unknown}
 j - 6 scrolls of remove curse
 k - a scroll of identify
 o - a scroll of fog {unknown}
 r - 3 scrolls of teleportation
 s - a scroll of enchant armour
 x - 3 scrolls of amnesia
 B - 3 scrolls of blinking
 D - 3 scrolls of recharging
 G - 5 scrolls of magic mapping
 M - 2 scrolls of summoning
Potions
 n - 4 potions of curing
 C - a potion of resistance
 F - 2 potions of magic
 L - 4 potions of haste
 O - a potion of agility
 R - 2 potions of ambrosia
 V - 3 potions of flight
Comestibles
 f - 7 bread rations
 l - 8 beef jerkies
 A - 2 fruits
 N - 7 slices of pizza
 Q - a meat ration
 W - a royal jelly


   Skills:
 + Level 7.9 Fighting
 + Level 5.3 Staves
 + Level 7.1(7.5) Slings
 * Level 14.4 Bows
 - Level 3.8 Crossbows
 - Level 3.7(5.9) Throwing
 + Level 6.0 Armour
 - Level 1.3 Dodging
 - Level 3.2 Stealth


You had 10 spell levels left.
You didn't know any spells.

Dungeon Overview and Level Annotations

Branches:
Dungeon (11/15)            Temple (1/1) D:6            Lair (2/6) D:9
    Orc (0/2) D:9
  Swamp: Lair:2-4    Shoals: Lair:2-4     Snake: Lair:2-4    Spider: Lair:2-4

Altars:
Ashenzari
Cheibriados
Dithmenos
Fedhas
Gozag
Hepliaklqana
Kikubaaqudgha
Nemelex Xobeh
Okawaru
Qazlal
Ru
Sif Muna
Trog
Uskayaw
Xom
Yredelemnul
Zin
The Shining One

Shops:
D:10 ?

Annotations:
D:11 Gastronok; jlc4533's ghost, journeyman HuAr


Innate Abilities, Weirdness & Mutations

You have hooves in place of feet.
Armour fits poorly on your strangely shaped body.
You cover ground very quickly.
You have extremely tough skin. (AC +3)
You have a pair of small horns on your head.
Your spells are a little harder to cast, but a little more powerful.
Your movements are slightly less encumbered by armour. (ER -2)


Message History

The blink frog hits you.
The blink frog blinks!
The wolf bites you.
The blink frog blinks!
You see here an arrow.
You now have 267 gold pieces (gained 17).
Really attack while wielding your +0 longbow?
You clumsily bash the blink frog but do no damage.
You kick the blink frog, but do no damage.
Your headbutt misses the blink frog. The blink frog hits you!
* * * LOW HITPOINT WARNING * * *
The wolf bites you.
* * * LOW HITPOINT WARNING * * *
The wolf bites you.
* * * LOW HITPOINT WARNING * * *
The blink frog hits you!
* * * LOW HITPOINT WARNING * * *
The blink frog blinks!
The wolf bites you!
You die...
Fedhas appreciates your contribution to the ecosystem.

..#.#§....)
#.#FF...##.... ...
#F........#.......
..8..##P###...#..#
....### ## #(.(#.###
##..##.#.# #...#...##
#..###.#####..#....#
#.......F..#.(.....##
#....F.†.Fh#.<§@.F..#
##..F.....#.#F.h#hh.##
l....F....#.F####...#
#...?#..#.##.h(.....#
#.#.#####.####......#
#...# ..####..##..#
#.#.# #..#....#.#.#
#...# .<##.#...#..#
..F.. ........P..###


You could see 3 blink frogs and 3 wolves.

Vanquished Creatures
  2 two-headed ogres
  The ghost of BluePsion the Archer, a novice CeHu of Okawaru (D:10)
  An orc knight (Bailey)
  A gargoyle (D:9)
  2 spiny frogs (Lair:1)
  A troll (D:9)
  2 hippogriffs
  4 hogs (D:7)
  A human (D:7)
  7 yaks
  A hungry ghost (D:11)
  Menkaure (D:4)
  3 water moccasins
  14 orc warriors
  3 porcupines (Lair:1)
  2 black bears
  A hornet zombie (D:7)
  2 ice beasts (D:10)
  4 sky beasts
  A phantom (D:7)
  7 ogres
  2 wolves (Lair:2)
  2 centaurs
  4 crocodiles
  5 bullfrogs
  2 big kobolds
  3 scorpions
  9 wights
  5 howler monkeys
  3 crimson imps
  A centaur skeleton (D:6)
  A bullfrog skeleton (D:10)
  2 jellies
  2 centaur zombies
  4 hounds
  A gnoll shaman (D:7)
  14 orc wizards
  2 iguanas
  8 worker ants
  A hound zombie (D:7)
  A hound skeleton (D:4)
  A mummy (D:8)
  A worker ant zombie (D:4)
  A howler monkey zombie (D:4)
  8 gnolls
  A howler monkey skeleton (D:5)
  9 adders
  2 shadow imps
  2 oozes (D:3)
  An adder zombie (D:4)
  An adder skeleton (D:5)
  4 worms
  5 leopard geckos
  47 orcs
  5 bats
  6 giant cockroaches
  8 goblins
  9 hobgoblins
  13 jackals
  16 kobolds
  4 quokkas
  8 frilled lizards
  2 hobgoblin zombies (D:8)
  2 jackal skeletons (D:4)
  2 orc zombies (D:8)
  A quokka skeleton (D:8)
  6 rats
298 creatures vanquished.

Vanquished Creatures (collateral kills)
  The ghost of Fruden the Fighter, a journeyman HuWn of Sif Muna (Lair:1)
  Joseph (D:10)
  A komodo dragon (Lair:1)
  3 yaks (Lair:1)
  2 wolves (Lair:2)
8 creatures vanquished.

Vanquished Creatures (others)
  An oklob plant (Lair:2)
  A wandering mushroom (Lair:2)
  53 toadstools
55 creatures vanquished.

Grand Total: 361 creatures vanquished

Notes
Turn   | Place    | Note
-------+----------+-------------------------------------------
     0 | D:1      | BluePsion the Centaur Hunter began the quest for the Orb.
     0 | D:1      | Reached XP level 1. HP: 17/17 MP: 1/1
   176 | D:1      | Reached XP level 2. HP: 23/24 MP: 2/2
   249 | D:1      | Reached skill level 1 in Stealth
   804 | D:2      | Reached skill level 1 in Armour
   854 | D:2      | Reached XP level 3. HP: 29/29 MP: 3/3
  1422 | D:2      | Reached XP level 4. HP: 37/37 MP: 4/4
  1740 | D:2      | Got an ichor-stained quarterstaff
  1842 | D:2      | Identified the +6 quarterstaff of Modesty {crush, rElec MR+ Int+4} (You found it on level 2 of the Dungeon)
  2328 | D:3      | Noticed a big kobold
  2351 | D:3      | Killed a big kobold
  2351 | D:3      | Reached skill level 1 in Slings
  2351 | D:3      | Reached skill level 6 in Bows
  2351 | D:3      | Reached XP level 5. HP: 21/45 MP: 5/5
  3128 | D:4      | Noticed Menkaure
  3136 | D:4      | Killed Menkaure
  3136 | D:4      | Reached skill level 1 in Throwing
  3136 | D:4      | Reached XP level 6. HP: 51/51 MP: 6/6
  3516 | D:4      | Reached skill level 7 in Bows
  3921 | D:5      | Entered Level 5 of the Dungeon
  3996 | D:5      | Reached XP level 7. HP: 58/58 MP: 7/7
  4661 | D:5      | Got an ivory hunting sling
  4662 | D:5      | Identified the +3 hunting sling of Mourning {velocity, rN+} (You found it on level 5 of the Dungeon)
  5069 | D:6      | Reached skill level 8 in Bows
  5137 | D:6      | Found a staircase to the Ecumenical Temple.
  5322 | D:6      | Reached XP level 8. HP: 67/67 MP: 8/8
  6115 | D:6      | Reached skill level 9 in Bows
  6330 | Temple   | Entered the Ecumenical Temple
  6462 | Temple   | Became a worshipper of Fedhas Madash
  6576 | D:7      | Reached skill level 1 in Staves
  6591 | D:7      | Gained mutation: Your movements are slightly less encumbered by armour. (ER -2) [potion of mutation]
  6591 | D:7      | Gained mutation: You have a pair of small horns on your head. [potion of mutation]
  6591 | D:7      | Gained mutation: Your spells are a little harder to cast, but a little more powerful. [potion of mutation]
  6737 | D:7      | Reached skill level 5 in Fighting
  6884 | D:7      | Reached skill level 10 in Bows
  6884 | D:7      | Reached XP level 9. HP: 59/74 MP: 9/9
  7095 | D:7      | Reached skill level 5 in Slings
  7638 | D:8      | Noticed a two-headed ogre
  7740 | D:8      | Killed a two-headed ogre
  7740 | D:8      | Reached skill level 11 in Bows
  8267 | D:8      | Found a flagged portal.
  8277 | Bailey   | Entered a bailey
  8694 | Bailey   | Reached XP level 10. HP: 83/83 MP: 10/10
  9814 | Bailey   | Found a roughly hewn altar of Beogh.
  9814 | Bailey   | Noticed an orc knight
 10051 | Bailey   | Killed an orc knight
 10051 | Bailey   | Reached skill level 12 in Bows
 11165 | D:9      | Noticed a gargoyle
 11218 | D:9      | HP: 1/84 [gargoyle/stone arrow (16)]
 11528 | D:9      | Killed a gargoyle
 11725 | D:9      | Found a staircase to the Orcish Mines.
 11858 | D:9      | Found a staircase to the Lair.
 11858 | D:9      | Noticed a death yak
 11927 | D:9      | Reached skill level 1 in Crossbows
 12021 | D:9      | Reached skill level 5 in Armour
 12222 | D:9      | Noticed a two-headed ogre
 12265 | D:9      | Killed a two-headed ogre
 12575 | D:9      | Reached skill level 13 in Bows
 13154 | D:9      | Reached XP level 11. HP: 92/92 MP: 11/11
 13178 | D:10     | Entered Level 10 of the Dungeon
 13416 | D:10     | Found Atazoxyach's Magic Scroll Emporium.
 13437 | D:10     | Bought 2 scrolls of identify for 48 gold pieces
 13437 | D:10     | Bought a scroll of identify for 24 gold pieces
 13437 | D:10     | Bought a scroll of summoning for 114 gold pieces
 13437 | D:10     | Bought a scroll of identify for 24 gold pieces
 13437 | D:10     | Bought a scroll of identify for 24 gold pieces
 13437 | D:10     | Bought a scroll of blinking for 90 gold pieces
 13437 | D:10     | Bought a scroll of magic mapping for 42 gold pieces
 13437 | D:10     | Bought a scroll of remove curse for 36 gold pieces
 13437 | D:10     | Bought a scroll of identify for 24 gold pieces
 13758 | D:10     | Reached * piety under Fedhas
 13851 | D:10     | Noticed Joseph
 13882 | D:10     | Killed Joseph
 14204 | D:10     | Noticed BluePsion's ghost (novice CeHu)
 14845 | D:10     | Killed BluePsion's ghost
 15314 | D:11     | Noticed Gastronok
 15350 | D:11     | Noticed a two-headed ogre
 15356 | D:11     | Noticed jlc4533's ghost (journeyman HuAr)
 15745 | Lair:1   | Entered Level 1 of the Lair of Beasts
 15936 | Lair:1   | Noticed an oklob plant
 16108 | Lair:1   | Reached skill level 14 in Bows
 16206 | Lair:1   | Found a labyrinth entrance.
 16206 | Lair:1   | Noticed Fruden's ghost (journeyman HuWn)
 16253 | Lair:1   | Killed Fruden's ghost
 16253 | Lair:1   | Reached skill level 5 in Staves
 17253 | Lair:2   | Slain by a wolf

Vault maps used:
D:1:      lemuel_arrival_room
D:2:      first_bread, minivault_5
D:3:      cheibrodos_thug_alley
D:4:      serial_undead, serial_undead_d, serial_undead_d, serial_undead_e,
          serial_undead_b, uniq_menkaure
D:7:      serial_glass, glass_columns_c, glass_columns_a, glass_columns_a,
          glass_columns_a, glass_columns_b, glass_columns_b, glass_columns_a,
          glass_columns_c, glass_columns_a, glass_columns_b, grunt_livestock,
          hangedman_abyss_or_decor_passed
D:8:      enter_bailey_8, minmay_misc_feat_room, minmay_mini_ossuary
D:9:      david_lair_generic, minmay_item_behind_shaft, billiards_dpeg
D:10:     serial_shops, shop_scrolls, corexii_checkpoint_a, uniq_joseph
D:11:     serial_column_ruins, column_ruins_grid_1,
          column_ruins_open_small_water, column_ruins_open_small_water,
          column_ruins_grid_1, column_ruins_grid_1, serial_shops,
          nicolae_shop_behind_doors, kennysheep_flooded_box, minmay_three_doors,
          uniq_gastronok
Temple:   minmay_crystal_snake_temple
Lair:1:   lab_entry_generic, enter_volcano_1, minmay_lair_oklob_bushes
Lair:2:   lemuel_fruit_fields, grunt_megastairs_4
Bailey:   bailey_polearm_2, bailey

Skill      XL: |  1  2  3  4  5  6  7  8  9 10 11 |
---------------+----------------------------------+-----
Stealth        | 1 2 3 |  3.2
Armour         | 1 2 3 4 5 6 |  6.0
Fighting       | 3 4 5 6 7 |  7.9
Slings         | 1 2 3 4 6 7 |  7.1
Bows           | 6 7 8 10 11 13 14 | 14.4
Throwing       | 1 2 3 |  3.7
Staves         | 1 3 4 5 |  5.3
Crossbows      | 2 3 |  3.8
Dodging        | |  1.3

Action                   |  1- 3 |  4- 6 |  7- 9 | 10-12 || total
-------------------------+-------+-------+-------+-------++-------
Melee: Quarterstaff      |       |       |    30 |   125 ||   155
       Kick              |       |       |     8 |    26 ||    34
       Headbutt          |       |       |     2 |    31 ||    33
       Hunting sling     |       |       |     1 |       ||     1
       Longbow           |       |       |       |     1 ||     1
 Fire: Shortbow          |    76 |    86 |       |       ||   162
       Hunting sling     |    34 |   104 |   184 |   397 ||   719
       Longbow           |       |    32 |   185 |   128 ||   345
       Arbalest          |       |       |       |    95 ||    95
Throw: Stone             |       |       |     2 |    27 ||    29
Invok: Fungal Bloom      |       |       |     1 |    19 ||    20
       Evolution         |       |       |       |     4 ||     4
Evoke: Wand              |       |       |       |     2 ||     2
  Use: Scroll            |       |     3 |     4 |    19 ||    26
       Potion            |       |       |     3 |     1 ||     4
  Eat: Chunk             |       |     5 |     7 |     4 ||    16
       Pizza             |       |     1 |     1 |       ||     2
       Bread ration      |       |       |     1 |     5 ||     6
Armor: Leather armour    |     8 |    22 |    85 |   109 ||   224
Dodge: Dodged            |    24 |    24 |    98 |   150 ||   296
